 Dungeon Crawl Stone Soup version 0.21.0-22-g11d5b52 (webtiles) character file.

137 Charmandara the Slasher (level 5, -5/39 HPs)
             Began as a Barachi Skald on Jan 18, 2018.
             Slain by a hobgoblin (6 damage)
             ... led by Robin
             ... on level 3 of the Dungeon.
             The game lasted 00:05:50 (2357 turns).

Charmandara the Slasher (Barachi Skald)             Turns: 2357, Time: 00:05:50

Health: -5/39      AC:  3    Str: 12    XL:     5   Next: 20%
Magic:  10/17      EV: 19    Int: 15    God:
Gold:   78         SH:  0    Dex: 16    Spells: 2/8 levels left

rFire    . . .     SeeInvis .   a - +0 falchion
rCold    . . .     Gourm    .   (no shield)
rNeg     . . .     Faith    .   b - +0 leather armour
rPois    .         Spirit   .   (no helmet)
rElec    .         Reflect  .   (no cloak)
rCorr    .         Harm     .   (no gloves)
MR       .....                  (no boots)
Stlth    ++........             s - amulet of magic regeneration {@e1}
HPRegen  0.13/turn              m - ring of magical power {MP+9}
MPRegen  0.40/turn              n - +2 ring of evasion

@: agile, infused, can't hop, very slightly contaminated, slow
A: +LOS, swims, slowness 1, strong legs 1
a: Hop


You were on level 3 of the Dungeon.
You were not hungry.

You visited 1 branch of the dungeon, and saw 3 of its levels.

You collected 78 gold pieces.

Inventory:

Hand Weapons
 a - a +0 falchion (weapon)
Missiles
 q - 4 needles of sleeping
Armour
 b - a +0 leather armour (worn)
Jewellery
 m - a ring of magical power (left hand) {MP+9}
   (You found it on level 1 of the Dungeon)
 n - a +2 ring of evasion (right hand)
   (You found it on level 1 of the Dungeon)
 s - an amulet of magic regeneration (around neck) {@e1}
   (You found it on level 1 of the Dungeon)
Scrolls
 e - 2 scrolls of identify {unknown}
 g - 3 scrolls of remove curse {unknown}
 h - a scroll of fear {unknown}
 i - 3 scrolls of teleportation {unknown}
 k - a scroll of amnesia {unknown}
 l - a scroll of magic mapping {unknown}
Potions
 f - a potion of lignification {unknown}
 j - a potion of agility
 o - a potion of curing {unknown}
 r - a potion of haste {unknown}
 t - a potion of degeneration {unknown}
Books
 c - a book of Battle
Comestibles
 d - a ration {@e1}


   Skills:
 - Level 2.4 Fighting
 * Level 6.3 Long Blades
 - Level 1.2 Armour
 - Level 2.1 Dodging
 - Level 2.1 Spellcasting
 + Level 3.3 Charms


You had 2 spell levels left.
You knew the following spells:

 Your Spells              Type           Power        Failure   Level  Hunger
a - Infusion              Chrm           ##..         7%          1    #......
z - Spectral Weapon       Hex/Chrm       #.......     38%         3    ###....
S - Song of Slaying       Chrm           ##......     11%         2    ###....


Dungeon Overview and Level Annotations

Branches:
Dungeon (3/15)

Altars:

Annotations:
D:3 Robin


Innate Abilities, Weirdness & Mutations

Shadows flee at your approach. (+LOS)
You can swim through water.
You cover ground slowly.
You can hop short distances.


Message History

The goblin wields a hunting sling.
The goblin shoots a stone.
The stone barely misses you.
You see here a stone.
A goblin is nearby! 2 goblins come into view.
The goblin shouts!
You hear a shout! x2
The goblin shoots a stone.
The stone hits you but does no damage.
You hear a shout!
You see here a stone.
You start resting.
Robin of the Strong Arm comes into view.
She is wielding a mace.
The goblin unwields an uncursed hunting sling.
The goblin closely misses you.
You riposte.
You closely miss the goblin.
A hobgoblin comes into view. It is wielding a club.
You see here a stone.
You miss the goblin. You barely miss the goblin.
Robin shouts!
You hear a shout!
The goblin closely misses you. The goblin hits you with a club.
You take 3 damage, and have 28/39 hp.
You barely miss the goblin. The goblin hits you. The goblin closely misses you.
You take 2 damage, and have 26/39 hp.
The goblin wields an uncursed hunting sling.
The goblin shoots a stone.
The stone barely misses you.
You see here a stone.
You miscast Infusion.
You are very lightly contaminated with residual magic.
Nothing appears to happen.
You now have 16/17 mp.
You miscast Infusion.
Nothing appears to happen.
The goblin misses you.
You riposte.
You hit the goblin.
Robin roars a battlecry!
The goblins go into a battle-frenzy!
You miscast Spectral Weapon.
You feel dizzy. The goblin hits you but does no damage.
The goblin hits you with a club.
You take 2 damage, and have 25/39 hp.
You now have 13/17 mp.
The goblin barely misses you.
You miscast Spectral Weapon.
Your skin tingles.
The goblin unwields an uncursed hunting sling.
The goblin hits you.
You take 6 damage, and have 19/39 hp.
You now have 11/17 mp.
You miscast Spectral Weapon.
You are lightly contaminated with residual magic.
Your skin tingles.
The goblin closely misses you.
You riposte.
You hit the goblin. The goblin hits you but does no damage.
A hobgoblin comes into view.
You now have 8/17 mp.
The hobgoblin shouts!
The goblin hits you with a club.
A goblin comes into view. It is wielding a club.
You take 2 damage, and have 17/39 hp.
Robin throws the goblin at you! The goblin hits you but does no damage.
The goblin hits you.
You take 3 damage, and have 14/39 hp.
You begin infusing your attacks with magical energy.
The goblin hits you but does no damage. The goblin barely misses you.
Unknown command.
You completely miss the goblin. The goblin hits you but does no damage.
The goblin closely misses you.
You hit the goblin.
You kill the goblin!
The goblin barely misses you.
You now have 8/17 mp.
You closely miss the goblin.
The world stops spinning.
Robin throws the goblin at you!
You take 1 damage, and have 13/39 hp.
You closely miss the goblin. The goblin hits you but does no damage.
The goblin closely misses you.
Unknown command.
You hit the goblin!
You kill the goblin!
The goblin no longer looks unusually strong.
The hobgoblin no longer looks unusually strong.
The goblin closely misses you.
You riposte.
You barely miss the goblin. Robin throws the goblin at you!
You miss the goblin. The goblin hits you with a club.
* * * LOW HITPOINT WARNING * * *
The goblin misses you.
Robin roars a battlecry!
The goblins go into a battle-frenzy!
You take 5 damage, and have 8/39 hp.
Unknown command.
Okay, then.
Hop to where?
Boing!
The hobgoblin hits you with a club.
* * * LOW HITPOINT WARNING * * *
The hobgoblin hits you but does no damage.
Robin laughs in a distinctly smug fashion.
You take 2 damage, and have 6/39 hp.
Unknown command.
It was a potion of agility.
You feel agile all of a sudden. The hobgoblin hits you with a club.
* * * LOW HITPOINT WARNING * * *
The hobgoblin hits you.
You die...

#.# #.# #.#
###.## #.(..#
#(#(##
#.######gg..#
#....)§ggg#.#
#..#########@#.#
#......<# #.#.#
#....##.####.#.#
####......<..#.#
##...###))#.#
##..# #..#.#
#.## #..#.# #.
>.... #. #......


You could see Robin, 2 hobgoblins and 2 goblins.

Vanquished Creatures
  Natasha (D:3)
  4 adders (D:2)
  2 oozes (D:2)
  2 worms (D:2)
  A leopard gecko (D:2)
  4 orcs (D:2)
  5 bats
  A giant cockroach (D:1)
  8 goblins
  12 hobgoblins
  2 jackals (D:1)
  6 kobolds
  3 frilled lizards (D:2)
  4 rats
55 creatures vanquished.

Vanquished Creatures (others)
  A spectral weapon (D:3)
1 creature vanquished.

Grand Total: 56 creatures vanquished

Notes
Turn   | Place    | Note
-------+----------+-------------------------------------------
     0 | D:1      | Charmandara the Barachi Skald began the quest for the Orb.
     0 | D:1      | Reached XP level 1. HP: 17/17 MP: 3/3
   410 | D:1      | Reached skill level 3 in Long Blades
   482 | D:1      | Reached XP level 2. HP: 21/23 MP: 3/5
   684 | D:1      | Learned a level 2 spell: Song of Slaying
   880 | D:1      | Reached skill level 4 in Long Blades
  1197 | D:2      | Reached XP level 3. HP: 28/28 MP: 6/6
  1207 | D:2      | Learned a level 3 spell: Spectral Weapon
  1410 | D:2      | Reached skill level 5 in Long Blades
  1588 | D:2      | Reached XP level 4. HP: 34/34 MP: 7/7
  2274 | D:3      | Noticed Natasha
  2286 | D:3      | Killed Natasha
  2286 | D:3      | Reached skill level 6 in Long Blades
  2286 | D:3      | Reached XP level 5. HP: 23/39 MP: 7/8
  2336 | D:3      | Noticed Robin
  2355 | D:3      | HP: 8/39 [goblin/club[Robin] (6)]
  2357 | D:3      | HP: 1/39 [hobgoblin/club[Robin] (5)]
  2357 | D:3      | Slain by a hobgoblin

Skill      XL: |  1  2  3  4 |
---------------+-------------+-----
Long Blades    | 3 4 5 6 |  6.3
Fighting       | |  2.4
Armour         | |  1.2
Dodging        | |  2.1
Spellcasting   | |  2.1
Charms         | |  3.3

Action                   |  1- 3 |  4- 6 || total
-------------------------+-------+-------++-------
Melee: Falchion          |    85 |    47 ||   132
 Cast: Infusion          |    11 |     9 ||    20
       Spectral Weapon   |     4 |     5 ||     9
 Abil: Hop               |       |     2 ||     2
  Use: Potion            |       |     1 ||     1
 Stab: Sleeping          |     1 |       ||     1
  Eat: Chunk             |     4 |     4 ||     8
Armor: Leather armour    |    23 |    11 ||    34
Dodge: Dodged            |    70 |    44 ||   114
       Rpst.: Falchion   |    32 |    12 ||    44

Vault maps used:
D:1:      lemuel_arrival_tunnels, serial_park_tiny_pond, minmay_domino_2
D:3:      lemuel_round_altar, nicolae_overflow_crystal_walls, first_ration,
          hangedman_abyss_or_decor_stabs, bloody_makhleb, uniq_natasha,
          uniq_robin

Table legend:
 A = Turns spent in this place as a percentage of turns spent in the entire game.
 B = Non-inter-level travel turns spent in this place as a percentage of non-inter-level travel turns spent in the entire game.
 C = Inter-level travel turns spent in this place as a percentage of turns spent in this place.
 D = Turns resting spent in this place as a percentage of non-inter-level travel turns spent in this place.
 E = Turns spent auto-exploring this place as a percentage of non-inter-level travel turns spent in this place.
 F = Non-inter-level travel turns spent in this place divided by the number of levels of this place that you've seen.
                   A       B       C       D       E      F
               +-------+-------+-------+-------+-------+----------------------
         Total | 100.0 | 100.0 |   2.6 |  33.5 |  46.6 | 765.3
       Dungeon | 100.0 | 100.0 |   2.6 |  33.5 |  46.6 | 765.3
               +-------+-------+-------+-------+-------+----------------------

Table legend:
 A = Kills in this place as a percentage of kills in entire the game.
 B = Kills by you in this place as a percentage of kills by you in the entire game.
 C = Kills by friends in this place as a percentage of kills by friends in the entire game.
 D = Other kills in this place as a percentage of other kills in the entire game.
 E = Experience gained in this place as a percentage of experience gained in the entire game.
 F = Experience gained in this place divided by the number of levels of this place that you have seen.
                   A       B       C       D       E      F
               +-------+-------+-------+-------+-------+----------------------
         Total | 100.0 | 100.0 |   N/A |   N/A | 100.0 |  65.3
       Dungeon | 100.0 | 100.0 |   N/A |   N/A | 100.0 |  65.3
               +-------+-------+-------+-------+-------+----------------------
